Map: Zen LE

Players

Has - Winner!

  • Race: Protoss Protoss
  • Spawn Location: 7:00

Vanya

  • Race: Zerg Zerg
  • Spawn Location: 1:00

Event: IEM Katowice 2020

VOD

Have the link to the VOD?

Description

Time

  • Played on: Feb. 24, 2020, 11:09 a.m.
  • Length: 7:04

All games in this series

Show
View Real Time Build Order
Export as new Build Order

Has Protoss - Winner!

Build Orders: 1 Gate Expand 

Get SALT Encoding   

  12  0:00  Probe  
  13  0:13  Probe  
  14  0:20  Pylon  
  14  0:25  Probe  
  15  0:39  Probe (Chrono Boost)  
  15  0:42  Gateway  
  16  0:46  Assimilator  
  16  0:47  Probe (Chrono Boost)  
  17  0:53  Probe  
  18  1:05  Probe  
  19  1:16  Pylon  
  19  1:27  Nexus  
  19  1:30  Probe  
  20  1:36  Cybernetics Core  
  20  1:43  Probe  
  20  1:45  Assimilator  
  21  1:51  Pylon  
  21  1:55  Probe  
  22  2:08  Probe  
  23  2:10  Adept (Chrono Boost)  
  23  2:13  Warp Gate  
  25  2:20  Probe  
  26  2:26  Twilight Council  
  26  2:33  Probe (Chrono Boost)  
  26  2:35  Stalker  
  29  2:40  Probe (Chrono Boost)  
  31  2:49  Probe x2 (Chrono Boost)  
  32  2:55  Probe  
  32  2:56  Probe  
  32  2:57  Robotics Facility  
  34  3:08  Probe x2  
  36  3:13  Charge  
  36  3:21  Gateway  
  36  3:25  Gateway  
  36  3:27  Gateway  
  36  3:39  Shield Battery  
  36  3:40  Shield Battery  
  36  3:41  Pylon  
  36  3:52  Pylon  
  36  3:53  Immortal (Chrono Boost)  
  40  4:04  Sentry  
  40  4:08  Gateway  
  40  4:09  Gateway  
  42  4:16  Zealot  
  44  4:21  Zealot x2  
  46  4:29  Zealot  
  43  4:34  Pylon  
  43  4:35  Probe  
  38  4:40  Probe  
  39  4:45  Sentry  
  39  4:47  Pylon  
  39  4:49  Warp Prism (Chrono Boost)  
  43  5:02  Zealot  
  43  5:05  Zealot  
  43  5:06  Zealot  
  47  5:10  Zealot  
  48  5:18  Pylon  
  46  5:22  Probe x2  
  48  5:31  Sentry x2  
  52  5:36  Zealot  
  52  5:38  Zealot  
  52  5:39  Probe x2  
  58  5:45  Pylon  
  58  5:51  Probe (Chrono Boost)  
  58  5:52  Probe (Chrono Boost), Zealot  
  62  6:03  Pylon  
  64  6:11  Zealot x3  
  66  6:13  Zealot  
  70  6:21  Probe x2  
  72  6:31  Zealot x3  
  74  6:52  Zealot  
  74  6:53  Zealot x2  
  76  6:57  Zealot  
Show
View Real Time Build Order
Export as new Build Order

Vanya Zerg 

Build Orders: Hatch First 

Get SALT Encoding   

  12  0:00  Drone  
  13  0:12  Overlord  
  13  0:16  Drone  
  14  0:31  Drone  
  15  0:44  Hatchery  
  15  0:48  Drone  
  15  0:52  Drone  
  15  0:55  Drone  
  17  0:59  Drone  
  18  1:09  Extractor  
  17  1:14  Spawning Pool  
  17  1:17  Drone  
  17  1:21  Drone  
  18  1:31  Drone  
  19  1:43  Drone  
  20  1:48  Hatchery  
  19  1:58  Drone  
  19  2:01  Queen  
  20  2:05  Zergling x2  
  20  2:07  Zergling x2  
  24  2:12  Drone  
  25  2:21  Metabolic Boost  
  25  2:29  Roach Warren  
  24  2:34  Zergling x2  
  25  2:42  Zergling x2  
  25  2:43  Overlord  
  25  2:50  Overlord  
  25  3:11  Roach  
  25  3:12  Roach x4  
  35  3:18  Roach  
  35  3:19  Zergling x4  
  39  3:29  Roach  
  39  3:33  Zergling x2  
  39  3:34  Zergling x4  
  44  3:38  Zergling x2  
  44  3:39  Zergling x2  
  45  3:48  Zergling x2  
  45  3:50  Zergling x4  
  45  3:54  Overlord  
  48  3:56  Ravager  
  48  4:06  Zergling x2  
  46  4:22  Zergling x10  
  49  4:28  Zergling x4  
  44  4:31  Zergling x2  
  34  4:39  Drone x3  
  36  4:45  Drone x2  
  36  4:50  Drone  
  38  4:53  Drone  
  38  4:59  Drone x2  
  40  5:05  Drone x2  
  38  5:07  Drone  
  38  5:09  Drone  
  38  5:12  Drone  
  40  5:20  Zergling x10  
  41  5:26  Roach  
  41  5:27  Zergling x2  
  42  5:31  Zergling x2  
  42  5:35  Roach  
  45  5:39  Zergling x4  
  47  5:43  Overlord  
  47  5:50  Zergling x2, Roach  
  47  5:56  Overlord  
  50  5:57  Overlord  
  50  6:05  Overlord  
  50  6:14  Roach x3  
  50  6:15  Zergling x6  
  59  6:20  Zergling x6  
  59  6:24  Zergling x10  
  67  6:31  Zergling x4  
  67  6:37  Zergling x2  
  61  6:40  Zergling x2  
  61  6:43  Zergling x2  

Tags
 
Add a new tag
Caveats
  • Supply blocks, unpowered buildings, or Contaminate may cause inaccurate times.
  • Supply counts are checked every 10 seconds.